AoeStats
← cevdetaybars

Nomad

508731731Analyzed
4v4 RM · 9d ago on Sep 23, 2026· 42m 13s· 8 players
Game mode
Random Map
Map size
231×231
Population
200
Speed
Normal
Resources
Standard
Victory
Conquest
Starting age
Dark Age
Ending age
Imperial Age
RankedLock teamsTeams togetherTeam positionsShared explorationLock speedFull tech treeHidden civsTurbo modeCheats
Victory
Defeat
🇹🇷 Italians · Türkiye
1114
+13
🇹🇷 Varangians · Türkiye
1079
+14
🇹🇷 Danes · Türkiye
1059
+15
🇹🇷 Dravidians · Türkiye
1045
+15
🇪🇸 Franks · Spain
1088
-17
🇵🇰 Celts · Pakistan
1033
-14
🇮🇪 Goths · Ireland
1031
-14
🇩🇪 Spanish · Germany
983
-12
yosua
4:16 Loom
14:13 Feudal Age
22:13 Castle Age
21:56 Stone Mining
36:09 Medium Warships
skilla
5:36 Loom
14:14 Feudal Age
22:14 Castle Age
20:26 Town Watch
20:56 Double-Bit Axe
21:18 Gold Mining
22:44 Stone Mining
23:21 Bloodlines
23:13 Husbandry
23:31 Scale Barding Armor
25:06 Husbandry
25:13 Husbandry
27:03 Horse Collar
35:56 Chain Barding Armor
42:03 Imperial Age
NSN WAJID
9:53 Loom
18:18 Feudal Age
20:53 Wheelbarrow
20:00 Horse Collar
20:11 Gold Mining
20:14 Stone Mining
24:18 Castle Age
24:18 Double-Bit Axe
24:28 Pikeman
25:17 Arson
26:18 Bow Saw
26:58 Scale Mail Armor
redjumper99
5:20 Loom
15:57 Feudal Age
16:25 Town Watch
16:34 Double-Bit Axe
17:50 Fishing Lines
21:44 Horse Collar
24:45 Castle Age
23:23 Forging
23:14 Scale Mail Armor
25:51 Bow Saw
25:50 Gillnets
31:13 Chain Mail Armor
34:22 Fletching
40:07 Pikeman
41:43 Squires
42:45 Iron Casting
Kemalius
6:06 Loom
17:28 Feudal Age
18:18 Double-Bit Axe
18:53 Gold Mining
22:16 Castle Age
20:02 Town Watch
20:39 Scale Barding Armor
20:45 Forging
20:47 Bloodlines
20:21 Fishing Lines
21:06 Stone Mining
23:18 Husbandry
24:16 Bow Saw
28:17 Chain Barding Armor
30:47 Horse Collar
32:01 Iron Casting
31:54 Vendel Legacy
36:44 Imperial Age
37:49 Conscription
36:55 Cavalier
38:27 Plate Barding Armor
40:28 Wheelbarrow
41:02 Blast Furnace
40:45 Town Patrol
41:03 Heavy Plow
dgn.cihat
4:37 Loom
19:20 Feudal Age
19:43 Fishing Lines
20:28 Double-Bit Axe
21:15 Fletching
21:31 Gold Mining
25:36 Castle Age
24:15 Forging
24:07 Scale Mail Armor
25:04 Stone Mining
26:22 Gambesons
26:37 Squires
27:10 Bow Saw
30:00 Stone Shaft Mining
30:01 Gold Shaft Mining
30:42 Wheelbarrow
29:53 Town Watch
31:00 Gillnets
32:57 Wheelbarrow
32:28 Town Watch
32:57 Horse Collar
34:16 Hand Cart
39:36 Imperial Age
39:33 Iron Casting
39:14 Chain Mail Armor
38:58 Hamask
39:53 Hamask
40:54 Conscription
41:22 Heavy Plow
41:14 Elite Jomsviking
muhammedgulerydo
5:53 Loom
15:06 Feudal Age
15:43 Fishing Lines
19:57 Castle Age
18:00 Padded Archer Armor
17:51 Fletching
20:51 Medium Warships
23:47 Gillnets
23:55 Double-Bit Axe
37:12 Imperial Age
35:18 Wheelbarrow
34:29 Town Watch
39:00 Chemistry
39:07 Leather Archer Armor
38:47 Bodkin Arrow
39:38 Heavy Warships
41:10 Bow Saw
41:43 Bracer
42:14 Ring Archer Armor
42:55 Hand Cart
cevdetaybars
3:35 Loom
16:16 Feudal Age
17:07 Double-Bit Axe
17:06 Fishing Lines
17:20 Horse Collar
21:15 Castle Age
21:06 Fletching
22:14 Medium Warships
21:55 Gillnets
22:09 Bodkin Arrow
22:54 Padded Archer Armor
23:46 Ballistics
23:39 Clinker Construction
24:14 Wheelbarrow
24:23 Gold Mining
24:50 Bow Saw
25:47 Hand Cart
29:36 Thumb Ring
29:53 Pikeman
30:35 Squires
33:37 Town Watch
37:20 Imperial Age
35:46 Leather Archer Armor
35:32 Scale Mail Armor
35:35 Murder Holes
35:51 Masonry
36:05 Forging
37:24 Chain Mail Armor
38:12 Medical Corps
38:28 Conscription
38:43 Halberdier
39:08 Gambesons
39:26 Bracer
40:30 Chemistry
40:56 Ring Archer Armor
40:54 Stone Mining
40:57 Elite Elephant Archer
Connection lost

Rejoining the realm…

Still unreachable

The connection could not be restored.

Session expired

The server has moved on; the page needs a fresh start.